 Dungeon Crawl Stone Soup version 0.18-a0-270-ga9d907f (webtiles) character file.

12209 Duffy the Carver (level 11, -7/79 (80) HPs)
             Began as a High Elf Skald on Nov 26, 2015.
             Was a High Priest of Okawaru.
             Mangled by a blink frog (13 damage)
             ... on level 1 of the Lair of Beasts.
             The game lasted 00:24:19 (17005 turns).

Duffy the Carver (High Elf Skald)                  Turns: 17005, Time: 00:24:19

HP:   -7/79 (80)    AC: 10    Str: 12    XL:     11   Next: 59%
MP:   18/18         EV: 19    Int: 17    God:    Okawaru [*****.]
Gold: 443           SH:  6    Dex: 17    Spells: 2 memorised, 12 levels left

rFire  . . .     SeeInvis +     L - +0 scimitar
rCold  + . .     Clarity  .     O - +1 ring mail {rC+}
rNeg   . . .     SustAt   .     b - +2 buckler {reflect}
rPois  .         Gourm    .     r - +0 helmet
rElec  .         Spirit   .     j - +0 cloak
rCorr  .         Warding  .     J - +0 pair of gloves
rMut   .         Stasis   .     E - +0 pair of boots
MR     +....                    (no amulet)
Stlth  +.........               I - ring of see invisible
                                K - +4 ring of evasion

@: lethally poisoned (-7 -> -7), somewhat resistant to hostile enchantments,
very unstealthy
A: no striking features
a: Heroism, Finesse, Renounce Religion


You were on level 1 of the Lair of Beasts.
You worshipped Okawaru.
Okawaru was extremely pleased with you.
You were not hungry.

You visited 2 branches of the dungeon, and saw 11 of its levels.

You collected 847 gold pieces.
You spent 404 gold pieces at shops.


   Skills:
 - Level 9.1 Fighting
 - Level 13.4 Long Blades
 - Level 0.8 Armour
 - Level 9.0 Dodging
 + Level 4.2 Spellcasting
 + Level 5.1 Hexes
 - Level 5.2 Charms
 - Level 5.2 Invocations


You had 12 spell levels left.
You knew the following spells:

 Your Spells              Type           Power        Failure   Level  Hunger
r - Regeneration          Chrm/Necr      ##........   67%         3    ###....
w - Spectral Weapon       Hex/Chrm       ###.....     24%         3    ###....

Inventory:

Hand Weapons
 L - a +0 scimitar (weapon)
 T - a +0 blowgun
Missiles
 H - 5 curare-tipped needles
 Z - a throwing net (quivered)
Armour
 b - a +2 buckler of reflection (worn)
 j - a +0 cloak (worn)
 r - a +0 helmet (worn)
 E - a +0 pair of boots (worn)
 J - a +0 pair of gloves (worn)
 M - a +0 ring mail of positive energy
 O - a +1 ring mail of cold resistance (worn)
Jewellery
 I - a ring of see invisible (right hand)
 K - a +4 ring of evasion (left hand)
 V - an uncursed ring of fire
Wands
 v - a wand of fire (0)
 y - a wand of lightning (0)
 P - a wand of draining (5)
 S - a wand of random effects (40)
 U - a wand of paralysis (6)
 X - a wand of polymorph (6)
Scrolls
 e - 4 scrolls of recharging
 g - a scroll of fear
 h - a scroll of teleportation
 l - a scroll of enchant armour
 p - 6 scrolls of remove curse
 x - a scroll of blinking
 C - 3 scrolls of immolation
 N - 2 scrolls of magic mapping
Potions
 i - a potion of might
 k - 3 potions of flight
 m - a potion of haste
 n - a potion of invisibility
 q - 4 potions of lignification
 t - a potion of agility
 u - a potion of magic
 z - 5 potions of brilliance
 A - 7 potions of curing
 B - 3 potions of berserk rage
 F - a potion of cancellation
Books
 c - a book of Battle
 w - a book of Summonings
 Y - a Fen Folio
Comestibles
 a - 4 chunks of flesh
 d - 2 bread rations
 f - 4 meat rations
 o - a slice of pizza
 D - a beef jerky
 Q - 3 fruits

Dungeon Overview and Level Annotations

Branches:
Dungeon (10/15)            Temple (0/1) D:4            Lair (1/8) D:9
    Orc (0/4) D:10

Altars:
Ashenzari
Cheibriados
Dithmenos
Elyvilon
Gozag
Kikubaaqudgha
Makhleb
Okawaru
Ru
Sif Muna
Yredelemnul
Zin

Shops:
D:5 *   D:6 ?   D:7 !

Annotations:
D:10 exclusion: orange crystal statue


Message History

Okawaru accepts your kill.
You slash the blink frog!
The blink frog is severely wounded.
The blink frog blinks! x2
You swing at nothing.
The blink frog momentarily phases out as your attack passes through it.
You feel sick.
The blink frog hits you but does no damage.
The blink frog blinks!
You hit the blink frog but do no damage.
You block the blink frog's attack.
You slash the blink frog!
The blink frog is moderately wounded.
The blink frog closely misses you.
You closely miss the blink frog.
The blink frog is moderately wounded.
The blink frog completely misses you.
You slash the blink frog!
The blink frog is severely wounded.
You feel sick.
The blink frog blinks!
The blink frog barely misses you.
You miss the blink frog.
The blink frog is severely wounded.
The blink frog hits you!
You slash the blink frog!
You kill the blink frog!
Okawaru accepts your kill.
You closely miss the blink frog.
The blink frog is severely wounded.
The blink frog blinks!
You swing at nothing.
You swing at nothing.
You feel sick.
You closely miss the blink frog.
The blink frog is severely wounded.
The blink frog blinks!
The blink frog hits you!
You die...

#...............
#.....##.#.....#
#...#....#.....#
#...#....+.....r
#...0.F..#.....#
#...#..........#
#........#.....#
#####...#..........#
#..@F%.......#......
#.###~~~~~~~##......
##.#~~~~~~~~~~{......
#P.~~~#######~~~.....
##.~~## #P~~.....
#P~~# ~~~~~~.....
#~~~# ~~~#P~~....#
##~~~ ####~~~....#
##~~~ ~~~~......


You could see 2 blink frogs.

Action                   |  1- 3 |  4- 6 |  7- 9 | 10-12 || total
-------------------------+-------+-------+-------+-------++-------
Melee: Falchion          |   151 |   212 |    28 |       ||   391
       Long sword        |       |       |    93 |       ||    93
       Scimitar          |       |       |   341 |   764 ||  1105
 Cast: Spectral Weapon   |       |       |       |     4 ||     4
Invok: Heroism           |       |       |     5 |     5 ||    10
Evoke: Wand              |       |     3 |    11 |     6 ||    20
  Use: Scroll            |       |     8 |    10 |     9 ||    27
       Potion            |       |       |       |     1 ||     1
 Stab: Sleeping          |       |       |       |     1 ||     1
  Eat: Chunk             |     4 |     6 |    12 |    16 ||    38
       Bread ration      |       |     1 |     2 |     1 ||     4

Notes
Turn   | Place    | Note
--------------------------------------------------------------
     0 | D:1      | Duffy the High Elf Skald began the quest for the Orb.
     0 | D:1      | Reached XP level 1. HP: 14/14 MP: 4/4
   155 | D:1      | Reached skill level 3 in Long Blades
   282 | D:1      | Reached XP level 2. HP: 14/19 MP: 6/6
   539 | D:1      | Reached skill level 4 in Long Blades
   844 | D:1      | Reached XP level 3. HP: 18/24 MP: 7/7
  1417 | D:2      | Found a snail-covered altar of Cheibriados.
  2002 | D:2      | Reached skill level 5 in Long Blades
  2199 | D:2      | Reached XP level 4. HP: 22/29 MP: 8/8
  2716 | D:3      | Reached skill level 6 in Long Blades
  2716 | D:3      | Reached XP level 5. HP: 7/34 MP: 9/9
  3530 | D:3      | Found an iron altar of Okawaru.
  3543 | D:3      | Became a worshipper of Warmaster Okawaru
  3687 | D:3      | Found a faded altar to an unknown god.
  4200 | D:4      | Found a shattered altar of Ashenzari.
  4218 | D:4      | Found a shadowy altar of Dithmenos.
  4256 | D:4      | Learned a level 3 spell: Spectral Weapon
  4260 | D:4      | Learned a level 3 spell: Regeneration
  4393 | D:4      | Found a staircase to the Ecumenical Temple.
  4415 | D:4      | Reached skill level 7 in Long Blades
  4846 | D:5      | Entered Level 5 of the Dungeon
  4846 | D:5      | Found a white marble altar of Elyvilon.
  4853 | D:5      | Noticed an ogre
  4882 | D:4      | Noticed an ogre
  5001 | D:5      | Reached XP level 6. HP: 41/41 MP: 10/10
  5109 | D:5      | Reached skill level 3 in Fighting
  5253 | D:5      | Found Zin's Purification Station.
  5257 | D:5      | Found a glowing silver altar of Zin.
  5653 | D:5      | Found a sacrificial altar of Ru.
  5678 | D:5      | Reached * piety under Okawaru
  5678 | D:5      | Reached skill level 4 in Fighting
  5678 | D:5      | Reached skill level 8 in Long Blades
  5678 | D:5      | Reached XP level 7. HP: 17/48 MP: 11/11
  6132 | D:5      | Found an opulent altar of Gozag.
  6876 | D:6      | Reached skill level 1 in Invocations
  6913 | D:6      | Reached skill level 2 in Invocations
  7092 | D:5      | Reached skill level 3 in Invocations
  7115 | D:5      | Reached skill level 4 in Invocations
  7202 | D:6      | Reached skill level 5 in Invocations
  7261 | D:6      | Reached XP level 8. HP: 18/53 MP: 12/12
  7498 | D:6      | Found a deep blue altar of Sif Muna.
  7542 | D:6      | Reached skill level 2 in Dodging
  7794 | D:6      | Found Bohuten's Magic Scroll Shoppe.
  7799 | D:6      | Bought a scroll of identify for 26 gold pieces
  7799 | D:6      | Bought a scroll of identify for 26 gold pieces
  7799 | D:6      | Bought 2 scrolls of identify for 52 gold pieces
  7809 | D:6      | Bought a scroll of enchant armour for 97 gold pieces
  7809 | D:6      | Bought a scroll of random uselessness for 13 gold pieces
  7868 | D:6      | Reached ** piety under Okawaru
  8070 | D:6      | Reached skill level 5 in Fighting
  8177 | D:6      | Reached skill level 9 in Long Blades
  8177 | D:6      | Reached skill level 3 in Dodging
  8672 | D:7      | Noticed Prince Ribbit
  9103 | D:7      | Reached skill level 4 in Dodging
  9387 | D:7      | Killed Prince Ribbit
  9387 | D:7      | Reached skill level 6 in Fighting
  9387 | D:7      | Reached XP level 9. HP: 54/61 MP: 13/13
  9466 | D:7      | Reached skill level 5 in Dodging
  9574 | D:7      | Found Olaneil's Distillery.
  9577 | D:7      | Bought 2 potions of berserk rage for 100 gold pieces
  9577 | D:7      | Bought a potion of poison for 10 gold pieces
  9580 | D:7      | Bought a potion of invisibility for 80 gold pieces
  9811 | D:7      | Reached *** piety under Okawaru
  9882 | D:7      | Reached skill level 10 in Long Blades
  9983 | D:8      | Noticed Pikel
 10006 | D:8      | Killed Pikel
 10010 | D:8      | Reached skill level 7 in Fighting
 10010 | D:8      | Reached skill level 6 in Dodging
 10697 | D:8      | Found a burning altar of Makhleb.
 10898 | D:9      | Noticed Erolcha
 10904 | D:9      | Paralysed by Erolcha for 3 turns
 10921 | D:9      | Killed Erolcha
 10921 | D:9      | Reached **** piety under Okawaru
 10921 | D:9      | Reached skill level 11 in Long Blades
 10921 | D:9      | Reached skill level 7 in Dodging
 10921 | D:9      | Reached XP level 10. HP: 55/71 MP: 14/14
 11472 | D:9      | Reached skill level 8 in Fighting
 11488 | D:9      | Found a basalt altar of Yredelemnul.
 11780 | D:9      | Found an ancient bone altar of Kikubaaqudgha.
 11875 | D:9      | Found a staircase to the Lair.
 12041 | D:10     | Entered Level 10 of the Dungeon
 12125 | D:10     | Noticed a hill giant
 12134 | D:10     | Killed a hill giant
 12205 | D:10     | Reached skill level 8 in Dodging
 12366 | D:10     | Received a gift from Okawaru
 12383 | D:10     | Found a staircase to the Orcish Mines.
 12446 | D:10     | Noticed an orange crystal statue
 12742 | D:10     | Reached skill level 12 in Long Blades
 13106 | D:10     | Reached skill level 9 in Fighting
 13107 | D:10     | Noticed Maurice
 13144 | D:10     | Killed Maurice
 13549 | D:10     | Reached skill level 9 in Dodging
 13695 | Lair:1   | Entered Level 1 of the Lair of Beasts
 13847 | Lair:1   | Reached ***** piety under Okawaru
 13907 | Lair:1   | Reached skill level 4 in Charms
 14304 | Lair:1   | Reached XP level 11. HP: 79/79 MP: 15/15
 14460 | Lair:1   | Reached skill level 1 in Hexes
 14828 | Lair:1   | Reached skill level 2 in Hexes
 14941 | Lair:1   | Noticed a six-headed hydra
 15179 | Lair:1   | Killed a six-headed hydra
 15179 | Lair:1   | Reached skill level 13 in Long Blades
 15179 | Lair:1   | Reached skill level 3 in Hexes
 15369 | Lair:1   | Received a gift from Okawaru
 15859 | D:9      | Reached skill level 4 in Hexes
 15992 | Lair:1   | Reached skill level 5 in Charms
 16180 | Lair:1   | Reached skill level 3 in Spellcasting
 16983 | Lair:1   | Reached skill level 4 in Spellcasting
 16983 | Lair:1   | Reached skill level 5 in Hexes
 17005 | Lair:1   | Mangled by a blink frog

Vault maps used:
D:1:      dpeg_arrival_sounds_slurp, minmay_misc_feat_roman, serial_bayou_pond_c
D:2:      cheibriados_altar_wand_db, first_bread
D:3:      okawaru_metal_pillars_1_2, ecumenical_altar_2
D:4:      grunt_dithmenos_smoke, minmay_temple_entry_statues_fountains,
          cheibrodos_ashenzari_chains
D:5:      zin_purify, nicolae_gozag_cash_rules_everything_around_me,
          nicolae_ru_sacrificial_ziggurat, elyvilon_altar_4, grunt_ministairs_1
D:6:      led_sif_pool, serial_shops, shop
D:7:      serial_shops, kennysheep_mini_moat, uniq_prince_ribbit1
D:8:      lemuel_doored_altar, uniq_pikel
D:9:      kennysheep_vampire_church, lemuel_coloured_pillars_altar,
          lair_0_dummy, uniq_erolcha
D:10:     kennysheep_blocky_room, orc_0_dummy, minivault_16, uniq_maurice
Lair:1:   worms_lemuel

Vanquished Creatures
  A hydra Erolcha
  A hill giant Pikel Maurice
  A spiny frog
  A komodo dragon Prince Ribbit
  2 trolls
  3 two-headed ogres
  9 blink frogs
  A deep elf mage
  7 water moccasins
  3 swamp worms
  4 wolves
  A phantom
  5 orc warriors
  A porcupine
  2 ogres
  A sky beast
  3 ice beasts
  A wasp
  3 centaurs
  A necrophage
  12 giant frogs
  3 crocodiles
  2 scorpions
  2 vampire bats
  2 jellies
  5 orc priests
  5 crimson imps
  2 hounds
  10 orc wizards
  3 centaur skeletons
  5 iguanas
  4 worker ants
  14 sheep
  2 hound skeletons
  16 river rats
  16 adders
  3 gnolls
  2 shadow imps
  4 oozes
  An adder zombie
  9 worms
  4 giant geckos
  29 orcs
  2 bat skeletons
  4 bat zombies
  10 hobgoblins
  2 jackals
  7 kobolds
  7 quokkas
  2 ball pythons
  6 bats
  4 giant cockroaches
  4 giant newts
  10 goblins
  A jackal skeleton
  8 rats
  6 fungi
  2 plants
  3 spectral weapons
288 creatures vanquished.
